 Dungeon Crawl Stone Soup version 0.17-a0-1863-g715b4b0 (webtiles) character file.

319 MikeDS the Chopper (level 6, -1/57 HPs)
             Began as a Hill Orc Fighter on Sept 20, 2015.
             Killed from afar by an orc (11 damage)
             ... with a wand of fire
             ... on level 4 of the Dungeon.
             The game lasted 00:15:38 (3728 turns).

MikeDS the Chopper (Hill Orc Fighter)               Turns: 3728, Time: 00:15:39

Health: -1/57      AC: 10    Str: 21    XL:     6   Next: 46%
Magic:  6/6        EV:  5    Int:  8    God:
Gold:   144        SH:  9    Dex: 10    Spells: 0 memorised, 5 levels left

rFire  . . .     SeeInvis .     a - +0 war axe
rCold  . . .     Clarity  .     w - +0 chain mail
rNeg   . . .     SustAt   .     c - +0 shield
rPois  .         Gourm    .     (no helmet)
rElec  .         Spirit   .     (no cloak)
rCorr  .         Warding  .     n - +0 pair of gloves
rMut   .         Stasis   .     (no boots)
MR     .....                    (no amulet)
Stlth  ..........               (no ring)
                                i - ring of wizardry

@: not resistant to hostile enchantments, extremely unstealthy
A: no striking features
a: no special abilities


You were on level 4 of the Dungeon.
You were not hungry.

You visited 1 branch of the dungeon, and saw 4 of its levels.

You collected 144 gold pieces.

Inventory:

Hand weapons
 a - a +0 war axe (weapon)
 r - a +0 dagger of venom
Missiles
 j - 128 stones (quivered)
Armour
 b - a +1 leather armour of poison resistance
 c - a +0 shield (worn)
 n - a +0 pair of gloves (worn)
 w - a +0 chain mail (worn)
Jewellery
 i - a ring of wizardry (left hand)
Magical devices
 d - a wand of random effects (6)
 u - a wand of slowing (32)
Scrolls
 f - a scroll of remove curse
 h - a scroll of blinking {unknown}
 m - 2 scrolls of identify
 q - a scroll of enchant armour {unknown}
 t - a scroll of fog {unknown}
 v - a scroll of teleportation {unknown}
 x - a scroll of amnesia {unknown}
Potions
 g - 2 potions of agility
 k - a potion of curing {unknown}
 p - a potion of heal wounds
 s - a potion of poison {unknown}
 z - 2 potions of degeneration {unknown}
Comestibles
 e - 3 bread rations
 l - a beef jerky
 o - a meat ration
 A - 5 chunks of flesh


   Skills:
 + Level 5.7 Fighting
 * Level 7.1 Axes
 - Level 3.2 Armour
 - Level 0.3 Stealth
 - Level 3.3 Shields


You had 5 spell levels left.
You didn't know any spells.

Dungeon Overview and Level Annotations

Branches:
Dungeon (4/15)             Temple (0/1) D:4

Altars:


Message History

The ogre is moderately wounded.
The tomahawk of returning fails to return to your pack!
Throwing (i - inventory):
j - 129 stones (quivered)
Press: ? - help, Shift-Dir - straight line, f/p - ogre
Aim: an ogre, wielding a giant spiked club (moderately wounded)
You throw a stone.
The stone hits the ogre but does no damage.
The ogre is moderately wounded.
An orc comes into view. It is wielding a flail.
The orc shouts!
The orc throws a stone.
You block the stone.
You see here a stone.
The orc throws a stone.
The stone hits you but does no damage.
You see here a stone.
The orc zaps a wand.
The bolt of fire hits you!
It is a wand of fire.
The orc zaps a wand.
The bolt of fire hits you!
The orc zaps a wand.
The bolt of fire hits you!
* * * LOW HITPOINT WARNING * * *
The orc zaps a wand.
The bolt of fire hits you!
You die...

.(................'..........รท...
..(....## #######.#.......#######
.#####..# #...............# ##.#
#............#### #.#
#............# ###
####.###)...........# #..
#...................# #..
#.........####+###### #..
#.......(..O.@..# ########..
#####'###(......# #......###
#..##.......# #......#
##.##.......# #......#
#..#.......# #......# ##.#.......#
#......# #..o......# #......#
##........# #......###
..........## #.........


You could see an ogre and an orc.

Vanquished Creatures
  The ghost of mcbry74 the Skirmisher, a weakling DsAK of Lugonu (D:3)
  A crimson imp (D:3)
  2 orc wizards
  A worker ant (D:4)
  8 adders
  2 oozes
  A worm (D:2)
  7 orcs
  8 bats
  7 goblins
  9 hobgoblins
  7 jackals
  4 giant cockroaches
  5 giant geckos
  A giant newt (D:3)
  A jackal skeleton (D:4)
  4 kobolds
  6 rats
75 creatures vanquished.

Notes
Turn   | Place    | Note
--------------------------------------------------------------
     0 | D:1      | MikeDS the Hill Orc Fighter began the quest for the Orb.
     0 | D:1      | Reached XP level 1. HP: 19/19 MP: 1/1
   139 | D:1      | Reached XP level 2. HP: 16/26 MP: 2/2
   674 | D:2      | Reached skill level 4 in Fighting
   674 | D:2      | Reached XP level 3. HP: 17/33 MP: 3/3
  1030 | D:2      | Reached XP level 4. HP: 41/41 MP: 4/4
  1513 | D:2      | Reached skill level 5 in Axes
  1713 | D:3      | Reached skill level 5 in Fighting
  2135 | D:3      | Reached XP level 5. HP: 48/48 MP: 5/5
  2387 | D:3      | Noticed mcbry74's ghost (weakling DsAK)
  2784 | D:3      | Reached skill level 6 in Axes
  3012 | D:3      | Killed mcbry74's ghost
  3012 | D:3      | Reached XP level 6. HP: 49/56 MP: 6/6
  3625 | D:4      | Reached skill level 7 in Axes
  3696 | D:4      | Found a staircase to the Ecumenical Temple.
  3728 | D:4      | Killed from afar by an orc

Vault maps used:
D:1:      minmay_arrival_hallway, st_stairs_13
D:3:      roderic_serpentine_path
D:4:      minmay_temple_entry_junction2

Action                   |  1- 3 |  4- 6 || total
-------------------------+-------+-------++-------
Melee: War axe           |    85 |   194 ||   279
Throw: Stone             |       |    23 ||    23
       Tomahawk          |       |     2 ||     2
  Use: Potion            |       |     3 ||     3
       Scroll            |       |     1 ||     1
  Eat: Chunk             |     1 |     8 ||     9
